 Dungeon Crawl Stone Soup version 0.22-a0-136-g83a10e5 (webtiles) character file.

49623 varam the Blocker (level 14, 0/141 HPs)
             Began as a Troll Monk on Feb 2, 2018.
             Was the Champion of Nemelex Xobeh.
             Succumbed to Nessos's poison
             ... on level 2 of the Orcish Mines.
             The game lasted 01:28:26 (17115 turns).

varam the Blocker (Troll Monk)                     Turns: 17115, Time: 01:28:26

Health: 0/141      AC:  8    Str: 22    XL:     14   Next: 16%
Magic:  20/20      EV: 17    Int:  9    God:    Nemelex Xobeh [******]
Gold:   1577       SH: 14    Dex: 13    Spells: 13/13 levels left

rFire    . . .     SeeInvis .     - Unarmed
rCold    . . .     Gourm    +   m - +2 shield
rNeg     . . .     Faith    +   n - +1 robe {MR+}
rPois    +         Spirit   .   X - +0 hat
rElec    .         Reflect  .   V - +1 cloak
rCorr    .         Harm     .   (gloves unavailable)
MR       ++...                  (boots unavailable)
Stlth    ++........             A - amulet of faith
HPRegen  0.73/turn              E - +3 ring of evasion
MPRegen  0.17/turn              e - ring of poison resistance

@: lethally poisoned (0 -> -25)
A: large, unfitting armour, claws 3, fast metabolism 3, gourmand, regeneration
1, shaggy fur 1, tough skin 2
a: Triple Draw, Deal Four, Stack Five, Renounce Religion


You were on level 2 of the Orcish Mines.
You worshipped Nemelex Xobeh.
Nemelex Xobeh was exalted by your worship.
You were completely stuffed.

You visited 3 branches of the dungeon, and saw 19 of its levels.
You also visited: Labyrinth.

You collected 1577 gold pieces.

Inventory:

Armour
 m - a +2 shield (worn)
 n - a +1 robe of magic resistance (worn)
 v - a +2 robe of cold resistance
 V - a +1 cloak (worn)
 X - a +0 hat (worn)
Jewellery
 e - a ring of poison resistance (right claw)
 q - an uncursed ring of protection from cold
 A - an amulet of faith (around neck)
 E - a +3 ring of evasion (left claw)
 N - an uncursed amulet of rage {unknown}
Wands
 H - a wand of clouds (2)
Scrolls
 a - 3 scrolls of magic mapping
 g - 7 scrolls of teleportation
 j - 5 scrolls of remove curse
 k - 3 scrolls of fog
 y - 5 scrolls of enchant armour
 B - 2 scrolls of fear
 U - 2 scrolls of blinking
Potions
 c - 3 potions of heal wounds
 d - 4 potions of curing
 f - 4 potions of lignification
 i - 4 potions of haste
 l - 4 potions of resistance
 r - 3 potions of agility
 x - a potion of berserk rage
 O - a potion of cancellation
 T - a potion of invisibility {unknown}
Books
 R - a book of Cantrips

   Spells                             Type                      Level
   a - Confusing Touch                Hexes                        1
   b - Animate Skeleton               Necromancy                   1
   c - Summon Small Mammal            Summoning                    1
   d - Apportation                    Translocation                1
 W - Onebry's Tome of Self-Improvement
   (You found it in a labyrinth)

   Spells                             Type                      Level
   a - Shroud of Golubria             Charms/Translocation         2
   b - Excruciating Wounds            Charms/Necromancy            5
   c - Iskenderun's Battlesphere      Conjuration/Charms           5
Miscellaneous
 h - an ornate deck of summoning {drawn: 2}
 p - a legendary deck of summoning
 w - a plain deck of escape {drawn: 1}
 F - an ornate deck of destruction {drawn: 6}
 G - a legendary deck of destruction {drawn: 2}
 I - an ornate deck of escape {Velocity, left: 4}
 J - an ornate deck of destruction
 L - a legendary deck of escape
 M - an ornate deck of destruction
 Q - an ornate deck of escape {the Shaft, left: 3}
 Y - a plain deck of summoning {drawn: 3}
 Z - a legendary deck of summoning {drawn: 5}
Comestibles
 b - 36 rations
 o - 32 chunks of flesh


   Skills:
 + Level 9.6 Fighting
 - Level 8.3 Dodging
 - Level 1.0 Stealth
 * Level 11.6 Shields
 * Level 11.3 Unarmed Combat
 - Level 10.0 Invocations


You had 13 spell levels left.
You didn't know any spells.

Dungeon Overview and Level Annotations

Branches:
Dungeon (11/15)            Temple (0/1) D:4            Lair (6/6) D:8
 Shoals (0/4) Lair:3       Spider (0/4) Lair:3        Slime (0/5) Lair:5
    Orc (2/2) D:11
    Elf: Orc:2

Altars:
Ashenzari
Cheibriados
Dithmenos
Elyvilon
Fedhas
Nemelex Xobeh
Qazlal
Uskayaw
Zin
The Shining One
Jiyva

Shops:
D:7 [   D:11 }   Orc:1 =

Annotations:
Lair:5 1 runed door, exclusion: door
Orc:2 Nessos


Innate Abilities, Weirdness & Mutations

You are too large for most types of armour.
You have claws for hands.
Your metabolism is lightning-fast.
You like to eat raw meat.
Your natural rate of healing is unusually fast.
You are covered in fur. (AC +1)
You have very tough skin. (AC +2)


Message History

You feel very sick.
Nessos unwields an uncursed longbow of flaming.
It stops flaming.
Nessos misses you.
Things that are here:
a war axe; a chain mail; a giant club You claw Nessos!
Nessos is severely wounded.
* * * LOW HITPOINT WARNING * * *
You feel very sick.
Nessos blinks!
Evoke which item? (* to show all) (? for menu, Esc to quit)
You draw a card...
It is Degeneration.
Nessos evaporates and reforms as a cyclops!
Nessos twists and deforms.
* * * LOW HITPOINT WARNING * * *
You feel very sick.
Evoke which item? (* to show all) (? for menu, Esc to quit)
You draw a card...
It is Pain.
You have drawn Pain.
You die...
Your body glows with a rainbow of weird colours and disappears.

###..##....##......#..
#...####..##........ ##..##
##)..#....... ##...)##
##.......... #......##
#.#).......
##.......###..........
#.(.......###......... ..
#....<....#..........# ...
#..C)@§W..#..^......#. ....
##.vv(...###.......##.
....####(..).####..........
.......##v..##...)).....##.
........#...#.....)..##....
#..c........)..)....###....
#.........))).....###.....
##.........))...###.......
...#...........###.........


You could see Nessos the cyclops, a friendly flayed ghost and 3 friendly
insubstantial wisps.

Vanquished Creatures
  Gastronok (Lair:3)
  A fire dragon (Lair:3)
  The ghost of Enish the Fighter, a journeyman NaCK of Makhleb (Lair:1)
  Josephine (D:11)
  The ghost of varam the Destroyer, a journeyman GrFE of Vehumet (Lair:1)
  2 catoblepae
  5 two-headed ogres
  7 death yaks
  A fire crab (Lair:5)
  2 manticores (Lair:6)
  4 spiny frogs
  9 elephants
  2 komodo dragons
  A troll (Orc:2)
  A hornet (D:11)
  Prince Ribbit (D:7)
  Grinder (D:5)
  12 blink frogs
  4 hippogriffs
  2 dream sheep (Lair:5)
  25 yaks
  4 wraiths (D:11)
  Eustachio (D:6)
  A wyvern (Lair:4)
  A basilisk (Lair:2)
  A hungry ghost (D:10)
  A steam dragon (D:9)
  A warg (Orc:1)
  2 hell hounds (D:8)
  8 water moccasins
  2 porcupines
  A soldier ant (D:10)
  A black bear (D:6)
  3 phantoms (D:11)
  5 orc warriors
  4 sky beasts
  4 ice beasts
  A necrophage (D:7)
  6 wolves
  2 centaurs (D:10)
  11 ogres
  7 crocodiles
  A big kobold (D:7)
  10 bullfrogs
  A wyvern zombie (D:9)
  Dowan (D:5)
  A wyvern skeleton (D:7)
  2 scorpions
  10 killer bees
  7 wights
  4 electric eels (D:9)
  9 howler monkeys
  A quasit (D:11)
  5 crimson imps
  3 orc priests
  8 jellies
  8 orc wizards
  4 hounds
  A bullfrog skeleton (D:7)
  2 centaur skeletons
  Ijyb (D:4)
  4 iguanas
  11 worker ants
  A hound zombie (D:6)
  A hound skeleton (D:11)
  A howler monkey zombie (D:6)
  3 worker ant zombies
  8 gnolls
  14 adders
  2 howler monkey skeletons
  4 shadow imps
  4 oozes (D:8)
  2 worms
  4 dart slugs
  6 leopard geckos
  61 orcs
  A ball python (D:2)
  6 bats
  6 giant cockroaches
  9 goblins
  4 hobgoblins
  19 jackals
  2 quokkas
  6 frilled lizards
  9 kobolds
  2 quokka skeletons
  9 rats
  2 plants
431 creatures vanquished.

Vanquished Creatures (collateral kills)
  A minotaur (Lab)
  The ghost of varam the Thrower, a journeyman TrMo of Okawaru (Lair:1)
  4 hydras
  A catoblepas (Lair:6)
  The ghost of Nico3ck the Carver, a journeyman GrFi of Trog (Orc:1)
  A two-headed ogre (D:8)
  2 death yaks (Lair:6)
  An orc high priest (Orc:1)
  Nergalle (Lair:1)
  Pikel (D:7)
  An orc sorcerer (Orc:1)
  Joseph (Lair:1)
  4 spiny frogs
  2 black mambas
  2 komodo dragons
  A rime drake (Lair:6)
  15 blink frogs
  2 hippogriffs
  4 dream sheep
  Sigmund (D:3)
  A wyvern (Lair:6)
  20 yaks
  2 basilisks
  Duvessa (D:5)
  8 porcupines
  A slave (D:7)
  2 ogres (Orc:1)
  7 orc warriors
  6 wolves
  2 crocodiles (Lair:1)
  The ghost of varam the Firebug, an amateur GrFE (D:3)
  4 bullfrogs
  A scorpion (D:5)
  3 killer bees (D:8)
  3 wights
  An electric eel (D:9)
  2 jellies (D:8)
  2 orc priests (D:8)
  An orc wizard (Orc:1)
  A worker ant (D:11)
  5 gnolls
  An ooze (D:8)
  A leopard gecko (D:8)
  11 orcs
  A goblin (D:3)
  A fungus (Lair:2)
136 creatures vanquished.

Vanquished Creatures (others)
  2 blink frogs (Lair:1)
  A hippogriff (Lair:1)
  2 orc priests
  Crazy Yiuf (D:5)
  2 gnolls
  An adder skeleton (D:9)
  A leopard gecko (D:6)
  An orc (D:6)
  6 fungi
  10 plants
27 creatures vanquished.

Grand Total: 594 creatures vanquished

Notes
Turn   | Place    | Note
-------+----------+-------------------------------------------
     0 | D:1      | varam the Troll Monk began the quest for the Orb.
     0 | D:1      | Reached XP level 1. HP: 22/22 MP: 0/0
   154 | D:1      | Reached XP level 2. HP: 29/29 MP: 1/1
   643 | D:2      | Reached skill level 4 in Unarmed Combat
   775 | D:2      | Reached XP level 3. HP: 36/36 MP: 2/2
   916 | D:2      | Found a sparkling altar of Nemelex Xobeh.
  1186 | D:2      | Became a worshipper of Nemelex Xobeh the Trickster
  1186 | D:2      | Received a gift from Nemelex Xobeh
  1186 | D:2      | Reached * piety under Nemelex Xobeh
  1186 | D:2      | Received a gift from Nemelex Xobeh
  1186 | D:2      | Reached ** piety under Nemelex Xobeh
  1344 | D:2      | Reached XP level 4. HP: 41/44 MP: 3/3
  1388 | D:2      | Reached skill level 1 in Shields
  1457 | D:2      | Found a sparkling altar of Nemelex Xobeh.
  1665 | D:3      | Noticed Sigmund
  1770 | D:2      | Reached skill level 5 in Unarmed Combat
  1841 | D:3      | Noticed varam's ghost (amateur GrFE)
  1998 | D:3      | Killed varam's ghost
  1998 | D:3      | Reached skill level 2 in Shields
  1998 | D:3      | Reached XP level 5. HP: 44/50 MP: 4/4
  2003 | D:3      | Killed Sigmund
  2135 | D:3      | Found a glowing golden altar of the Shining One.
  2194 | D:3      | Received a gift from Nemelex Xobeh
  2226 | D:3      | Reached XP level 6. HP: 59/59 MP: 5/5
  2230 | D:3      | Found a shattered altar of Ashenzari.
  2501 | D:4      | Reached skill level 1 in Invocations
  2511 | D:4      | Found a staircase to the Ecumenical Temple.
  2526 | D:4      | Found a snail-covered altar of Cheibriados.
  2535 | D:4      | Found a shadowy altar of Dithmenos.
  2655 | D:4      | Noticed Ijyb
  2671 | D:4      | Killed Ijyb
  2671 | D:4      | Reached skill level 3 in Shields
  2671 | D:4      | Reached skill level 6 in Unarmed Combat
  3021 | D:4      | Reached *** piety under Nemelex Xobeh
  3122 | D:5      | Entered Level 5 of the Dungeon
  3145 | D:5      | Found a hide-covered altar of Uskayaw.
  3190 | D:5      | Noticed Duvessa
  3191 | D:5      | Noticed Dowan
  3193 | D:5      | Killed Duvessa
  3193 | D:5      | Reached skill level 2 in Invocations
  3193 | D:5      | Reached XP level 7. HP: 66/66 MP: 7/7
  3195 | D:5      | Killed Dowan
  3266 | D:5      | Noticed Grinder
  3270 | D:5      | Paralysed by Grinder for 7 turns
  3279 | D:5      | Killed Grinder
  3279 | D:5      | Reached skill level 3 in Invocations
  3332 | D:5      | Got a distressingly furry robe
  3343 | D:5      | Identified the +1 robe of Lies {Int-3 Dex+3 Stlth+} (You found it on level 5 of the Dungeon)
  3379 | D:5      | Received a gift from Nemelex Xobeh
  3416 | D:5      | Reached skill level 4 in Shields
  3511 | D:5      | Reached skill level 7 in Unarmed Combat
  3566 | D:5      | Received a gift from Nemelex Xobeh
  3580 | D:5      | Reached XP level 8. HP: 74/74 MP: 9/9
  3789 | D:5      | Received a gift from Nemelex Xobeh
  3950 | D:5      | Found a runed door.
  3954 | D:5      | Reached **** piety under Nemelex Xobeh
  3954 | D:5      | Noticed Crazy Yiuf
  3956 | D:5      | Killed Crazy Yiuf
  4241 | D:6      | Reached skill level 4 in Invocations
  4359 | D:6      | Noticed Blork the orc
  4361 | D:6      | Noticed Blork
  4361 | D:6      | Blork the orc changed into Blork the iguana
  4376 | D:6      | Killed Blork the iguana
  4379 | D:6      | Reached skill level 5 in Shields
  4472 | D:6      | Received a gift from Nemelex Xobeh
  4709 | D:6      | Reached skill level 8 in Unarmed Combat
  4831 | D:6      | Received a gift from Nemelex Xobeh
  4867 | D:6      | Reached skill level 5 in Invocations
  4939 | D:6      | Noticed Eustachio
  4956 | D:6      | Killed Eustachio
  4956 | D:6      | Reached XP level 9. HP: 78/80 MP: 11/11
  5256 | D:7      | Noticed Prince Ribbit
  5278 | D:7      | Killed Prince Ribbit
  5278 | D:7      | Reached skill level 3 in Fighting
  5278 | D:7      | Reached skill level 3 in Dodging
  5308 | D:7      | Reached ***** piety under Nemelex Xobeh
  5483 | D:7      | Reached skill level 6 in Shields
  5638 | D:7      | Found Xaheulu's Antique Armour Emporium.
  5658 | D:7      | Noticed Pikel
  5677 | D:7      | Killed Pikel
  5728 | D:7      | Reached skill level 4 in Fighting
  5728 | D:7      | Reached skill level 4 in Dodging
  5728 | D:7      | Reached skill level 6 in Invocations
  6131 | D:8      | Found a staircase to the Lair.
  6312 | D:8      | Reached XP level 10. HP: 66/94 MP: 13/13
  6319 | D:8      | Received a gift from Nemelex Xobeh
  6417 | D:8      | Noticed a two-headed ogre
  6429 | D:8      | Killed a two-headed ogre
  6608 | D:8      | Found a glowing silver altar of Zin.
  6725 | D:9      | Received a gift from Nemelex Xobeh
  6825 | D:9      | Reached skill level 5 in Fighting
  6825 | D:9      | Reached skill level 5 in Dodging
  6832 | D:9      | Reached skill level 7 in Shields
  6842 | D:9      | Reached skill level 7 in Invocations
  6862 | D:9      | Found a stormy altar of Qazlal.
  7067 | D:9      | Found a white marble altar of Elyvilon.
  7329 | Lair:1   | Entered Level 1 of the Lair of Beasts
  7517 | Lair:1   | Received a gift from Nemelex Xobeh
  7552 | Lair:1   | Noticed Nergalle
  7563 | Lair:1   | Killed Nergalle
  7709 | Lair:1   | Received a gift from Nemelex Xobeh
  7814 | Lair:1   | Noticed Joseph
  7814 | Lair:1   | Noticed Enish's ghost (journeyman NaCK)
  7856 | Lair:1   | Killed Enish's ghost
  7856 | Lair:1   | Reached XP level 11. HP: 65/105 MP: 15/15
  7868 | Lair:1   | Killed Joseph
  7879 | Lair:1   | Noticed varam's ghost (journeyman TrMo)
  7882 | Lair:1   | Noticed a soul eater
  7904 | Lair:1   | Killed varam's ghost
  7904 | Lair:1   | Reached skill level 6 in Fighting
  7904 | Lair:1   | Reached skill level 6 in Dodging
  7995 | Lair:1   | Reached skill level 8 in Invocations
  8145 | Lair:1   | Noticed varam's ghost (journeyman GrFE)
  8162 | Lair:1   | Killed varam's ghost
  8162 | Lair:1   | Reached skill level 8 in Shields
  8404 | Lair:2   | Received a gift from Nemelex Xobeh
  8642 | Lair:2   | Noticed an eight-headed hydra
  8649 | Lair:2   | Killed an eight-headed hydra
  8698 | Lair:2   | Reached ****** piety under Nemelex Xobeh
  8748 | Lair:2   | Found a blossoming altar of Fedhas.
  9315 | Lair:3   | Noticed a six-headed hydra
  9376 | Lair:2   | Killed a seven-headed hydra
  9528 | Lair:2   | Reached skill level 7 in Fighting
  9528 | Lair:2   | Reached skill level 7 in Dodging
  9571 | Lair:3   | Received a gift from Nemelex Xobeh
  9630 | Lair:3   | Noticed a fire dragon
  9643 | Lair:3   | Killed a fire dragon
  9735 | Lair:3   | Found a staircase to the Shoals.
  9769 | Lair:3   | Noticed Gastronok
  9794 | Lair:3   | Killed Gastronok
  9794 | Lair:3   | Reached skill level 9 in Invocations
  9794 | Lair:3   | Reached XP level 12. HP: 64/118 MP: 17/17
  9860 | Lair:3   | Noticed a death yak
  9861 | Lair:3   | Noticed a death yak
  9863 | Lair:3   | Noticed a death yak
  9864 | Lair:3   | Killed a death yak
  9869 | Lair:3   | Killed a death yak
  9895 | Lair:3   | Killed a death yak
  9895 | Lair:3   | Reached skill level 9 in Shields
  9905 | Lair:3   | Received a gift from Nemelex Xobeh
 10034 | Lair:3   | Received a gift from Nemelex Xobeh
 10040 | Lair:3   | Found a hole to the Spider Nest.
 10504 | Lair:4   | Found a hide-covered altar of Uskayaw.
 10633 | Lair:4   | Noticed a four-headed hydra
 10640 | Lair:4   | Killed a five-headed hydra
 10646 | Lair:4   | Received a gift from Nemelex Xobeh
 11273 | Lair:5   | Received a gift from Nemelex Xobeh
 11342 | Lair:5   | Reached skill level 8 in Fighting
 11343 | Lair:5   | Reached skill level 8 in Dodging
 11486 | Lair:5   | Received a gift from Nemelex Xobeh
 11632 | Lair:5   | Noticed a catoblepas
 11640 | Lair:5   | Reached skill level 10 in Invocations
 11657 | Lair:5   | Killed a catoblepas
 11698 | Lair:5   | Found a runed door.
 11698 | Lair:5   | Found a viscous altar of Jiyva.
 11699 | Lair:5   | Found a staircase to the Slime Pits.
 11707 | Lair:5   | Noticed an acid blob
 12116 | Lair:6   | Entered Level 6 of the Lair of Beasts
 12205 | Lair:6   | Reached XP level 13. HP: 86/128 MP: 19/19
 12224 | Lair:6   | Reached skill level 10 in Shields
 12398 | Lair:6   | Reached skill level 9 in Unarmed Combat
 13011 | Lair:6   | Reached skill level 9 in Fighting
 13029 | Lair:6   | Received a gift from Nemelex Xobeh
 13060 | Lair:6   | Reached skill level 10 in Unarmed Combat
 13824 | D:9      | Reached skill level 11 in Shields
 14224 | D:10     | Entered Level 10 of the Dungeon
 14570 | D:10     | Received a gift from Nemelex Xobeh
 15085 | D:11     | Found a labyrinth entrance.
 15095 | Lab      | Entered a labyrinth
 15337 | Lab      | Received a gift from Nemelex Xobeh
 15422 | Lab      | Noticed a minotaur
 15429 | Lab      | Killed a minotaur
 15438 | Lab      | Got a smoking dagger
 15440 | Lab      | Identified Onebry's Tome of Self-Improvement
 15657 | D:11     | Found a staircase to the Orcish Mines.
 15662 | D:11     | Received a gift from Nemelex Xobeh
 15743 | D:11     | Noticed Josephine
 15765 | D:11     | Killed Josephine
 15773 | D:11     | Reached skill level 11 in Unarmed Combat
 15785 | D:11     | Reached XP level 14. HP: 103/140 MP: 20/20
 15824 | D:11     | Found Yhij's Gadget Emporium.
 16129 | D:11     | Received a gift from Nemelex Xobeh
 16482 | Orc:1    | Entered Level 1 of the Orcish Mines
 16498 | Orc:1    | Noticed Nico3ck's ghost (journeyman GrFi)
 16505 | Orc:1    | Killed Nico3ck's ghost
 16542 | Orc:1    | Found Healete's Jewellery Shoppe.
 16783 | Orc:2    | Entered Level 2 of the Orcish Mines
 16970 | Orc:2    | Received a gift from Nemelex Xobeh
 17097 | Orc:2    | Noticed Nessos
 17111 | Orc:2    | HP: 11/141 [Nessos/arrow (6)]
 17113 | Orc:2    | HP: 5/141 [poisoned by Nessos]
 17114 | Orc:2    | Noticed Nessos
 17114 | Orc:2    | Nessos changed into Nessos the cyclops
 17114 | Orc:2    | HP: 2/141 [poisoned by Nessos]
 17115 | Orc:2    | Succumbed to Nessos's poison

Vault maps used:
D:1:      elethiomel_arrival_quiet
D:2:      lemuel_doored_altar, nemelex_spade_bored_becter
D:3:      nicolae_tso_swordbearing_angel, overflow_temple_1_default,
          minmay_ruptured, uniq_sigmund
D:4:      minitemple, minmay_temple_entry_butterflies, first_ration, uniq_ijyb
D:5:      marbit_many_paths, uniq_grinder, uniq_duvessa, uniq_crazy_yiuf_cottage
D:6:      uniq_blork_the_orc, uniq_eustachio
D:7:      serial_shops, nicolae_shop_trees, uniq_prince_ribbit1, uniq_pikel
D:8:      zin_academy, minmay_lair_entry_lava, hangedman_little_slice_of_home
D:9:      kennysheep_little_box, elyvilon_altar_4, kennysheep_boxes
D:11:     orc_0_dummy, lab_entry_generic, serial_shops, shop_fountains,
          uniq_josephine
Lair:1:   lemuel_fruit_fields, uniq_joseph, uniq_nergalle
Lair:2:   basic_altar, beast_lair_carwin_10
Lair:3:   dragon1_lemuel, elwin_shoals_entry_rocks, spider_nest_entry_web_field,
          uniq_gastronok
Lair:4:   basic_altar, serial_bayou_lagoon_a, minmay_stone_trees_small,
          lemuel_fruit_fields
Lair:5:   slime_altar_2, minivault_24, st_stairs_7, minivault_26
Lair:6:   evilmike_catoblepas_cave
Orc:1:    serial_shops, shop
Orc:2:    pubby_orc_utopia, uniq_nessos
Lab:      nicolae_lab_dead_adventurers, nicolae_lab_blocks, nicolae_lab_t_cross,
          nicolae_lab_grate, nicolae_lab_plus, lab_statue, nicolae_lab_starburst

Skill      XL: |  1  2  3  4  5  6  7  8  9 10 11 12 13 |
---------------+----------------------------------------+-----
Unarmed Combat | 4 5 6 7 8 11 | 11.3
Shields        | 2 3 4 5 6 7 8 9 11 | 11.6
Invocations    | 2 3 5 6 7 9 10 | 10.0
Fighting       | 4 5 7 8 9 |  9.6
Dodging        | 4 5 7 8 |  8.3
Stealth        | |  1.0

Action                   |  1- 3 |  4- 6 |  7- 9 | 10-12 | 13-15 || total
-------------------------+-------+-------+-------+-------+-------++-------
Melee: Unarmed           |   132 |   130 |   329 |   509 |   605 ||  1705
Throw: Tomahawk          |       |       |       |     2 |       ||     2
Invok: Stack Five        |       |       |       |     1 |     2 ||     3
Evoke: Deck              |       |     2 |    15 |    60 |    38 ||   115
       Box of beasts     |       |       |       |     2 |     1 ||     3
  Use: Scroll            |       |       |       |    18 |     4 ||    22
       Potion            |       |       |       |     8 |       ||     8
 Stab: Sleeping          |     4 |     3 |     6 |     4 |       ||    17
       Distracted        |       |       |       |     5 |     1 ||     6
       Petrified         |       |       |       |     5 |     5 ||    10
       Petrifying        |       |       |       |       |     1 ||     1
  Eat: Chunk             |    17 |    17 |    27 |    57 |    48 ||   166
Armor: Robe              |    50 |    34 |    63 |    41 |    32 ||   220
       Fire dragon scale |       |       |       |    75 |    64 ||   139
Dodge: Dodged            |    51 |    42 |    87 |   223 |   248 ||   651
Block: Shield            |    34 |    60 |   156 |   335 |   355 ||   940

Table legend:
 A = Spawn XP
 B = Non-spawn XP
 C = Spawn XP percentage of total XP
 D = Spawn monster count
 E = Non-spawn monster count
 F = Spawn count percentage of total count
 G = Total turns spent on level
                    A         B        C        D         E        F      G
               +---------+---------+-------+---------+---------+-------+---------
         Total |       0 |   70890 |   0.0 |       0 |     573 |   0.0 | 17115
               +---------+---------+-------+---------+---------+-------+---------
           D:1 |       0 |      27 |   0.0 |       0 |      16 |   0.0 |   641
           D:2 |       0 |     149 |   0.0 |       0 |      38 |   0.0 |  1175
           D:3 |       0 |     260 |   0.0 |       0 |      28 |   0.0 |   670
           D:4 |       0 |     225 |   0.0 |       0 |      11 |   0.0 |   636
           D:5 |       0 |     965 |   0.0 |       0 |      25 |   0.0 |   949
           D:6 |       0 |    1270 |   0.0 |       0 |      32 |   0.0 |  1159
           D:7 |       0 |    2243 |   0.0 |       0 |      40 |   0.0 |  1033
           D:8 |       0 |    1695 |   0.0 |       0 |      28 |   0.0 |   524
           D:9 |       0 |    3164 |   0.0 |       0 |      43 |   0.0 |  1180
          D:10 |       0 |    3605 |   0.0 |       0 |      29 |   0.0 |   873
          D:11 |       0 |    4803 |   0.0 |       0 |      51 |   0.0 |   789
        Lair:1 |       0 |    5857 |   0.0 |       0 |      25 |   0.0 |  1357
        Lair:2 |       0 |    4750 |   0.0 |       0 |      27 |   0.0 |   967
        Lair:3 |       0 |    5968 |   0.0 |       0 |      13 |   0.0 |   803
        Lair:4 |       0 |    1818 |   0.0 |       0 |       6 |   0.0 |   885
        Lair:5 |       0 |    9284 |   0.0 |       0 |      44 |   0.0 |  1082
        Lair:6 |       0 |   18828 |   0.0 |       0 |      63 |   0.0 |  1319
         Orc:1 |       0 |    3011 |   0.0 |       0 |      27 |   0.0 |   353
         Orc:2 |       0 |    2341 |   0.0 |       0 |      26 |   0.0 |   280
           Lab |       0 |     627 |   0.0 |       0 |       1 |   0.0 |   440
               +---------+---------+-------+---------+---------+-------+---------
